BLB
PHOENIX ROADRUNNERS @ SYRACUSE SNAPPERS
08/04/2059
 
TOP OF THE 1ST
Phoenix Roadrunners batting - Pitching for Syracuse Snappers : RHP Ephram Arnold
Pitching: RHP Ephram Arnold
Batting: LHB Devon Cundiff 0-0: Ground out 6-3 (Groundball, 6, EV 85.0 MPH)
Batting: LHB Dwight Bell 0-0: Ball
1-0: Fly out, F9 (Line Drive, 8RM, EV 93.8 MPH)
Batting: LHB Rayshaun Stuart 0-0: Ball
1-0: Ball
2-0: Ground out 1-3 (Groundball, 15S, EV 71.2 MPH)
Top of the 1st over - 0 runs, 0 hits, 0 errors, 0 left on base; Phoenix 0 - Syracuse 0
BOTTOM OF THE 1ST
Syracuse Snappers batting - Pitching for Phoenix Roadrunners : RHP Ismael McFarland
Pitching: RHP Ismael McFarland
Batting: RHB Ben Piche 0-0: Swinging Strike
0-1: Ball
1-1: Fly out, F9 (Flyball, 89M, EV 87.5 MPH)
Batting: RHB Charlie Jones 0-0: Called Strike
0-1: Ball
1-1: Ball
2-1: Foul Ball, location: 2F
2-2: Foul Ball, location: 2F
2-2: Ball
3-2: Foul Ball, location: 2F
3-2: Foul Ball, location: 2F
3-2: Foul Ball, location: 2F
3-2: SINGLE (Groundball, 6M, EV 101.2 MPH) (infield hit)
Batting: RHB Asher Kappler 0-0: Ball
1-0: Fly out, F7 (Flyball, 7S, EV 86.2 MPH)
Batting: RHB Walter Worsham 0-0: Ball
Charlie Jones is caught stealing 2nd base 2-4
Bottom of the 1st over - 0 runs, 1 hit, 0 errors, 0 left on base; Phoenix 0 - Syracuse 0
TOP OF THE 2ND
Phoenix Roadrunners batting - Pitching for Syracuse Snappers : RHP Ephram Arnold
Batting: LHB Neil Wanat 0-0: Foul Ball, location: 2F
0-1: Ball
1-1: Called Strike
1-2: Ball
2-2: Ball
3-2: SINGLE (Line Drive, 5D, EV 96.9 MPH)
Batting: RHB Cody Barkley 0-0: Ball
1-0: Called Strike
1-1: Ball
2-1: Swinging Strike
2-2: Strikes out looking
Batting: LHB Tavin Kang 0-0: Ball
1-0: Called Strike
1-1: Foul Ball, location: 2F
1-2: Strikes out swinging
Batting: RHB Tyrek Schaaf 0-0: Called Strike
0-1: Ball
1-1: Foul Ball, location: 2F
1-2: Ball
2-2: Ball
3-2: Ground out 6-3 (Groundball, 6, EV 90.0 MPH)
Top of the 2nd over - 0 runs, 1 hit, 0 errors, 1 left on base; Phoenix 0 - Syracuse 0
BOTTOM OF THE 2ND
Syracuse Snappers batting - Pitching for Phoenix Roadrunners : RHP Ismael McFarland
Batting: RHB Walter Worsham 0-0: Ball
1-0: Called Strike
1-1: Foul Ball, location: 2F
1-2: Ball
2-2: Ball
3-2: Strikes out looking
Batting: SHB J.D. Diltz 0-0: Called Strike
0-1: Ground out 5-3 (Groundball, 56S, EV 67.5 MPH)
Batting: RHB Damian Goranson 0-0: DOUBLE (Line Drive, 7LM, EV 94.4 MPH)
Batting: RHB Duane Evans 0-0: Foul Ball, location: 2F
0-1: Ball
1-1: Ball
2-1: Ground out 5-3 (Groundball, 56S, EV 86.9 MPH)
Bottom of the 2nd over - 0 runs, 1 hit, 0 errors, 1 left on base; Phoenix 0 - Syracuse 0
TOP OF THE 3RD
Phoenix Roadrunners batting - Pitching for Syracuse Snappers : RHP Ephram Arnold
Batting: RHB Cole Segal 0-0: Foul Ball, location: 2F
0-1: Ball
1-1: Ball
2-1: Foul Ball, location: 2F
2-2: Strikes out swinging
Batting: RHB Harrison Jordan 0-0: Called Strike
0-1: Ball
1-1: Fly out, F9 (Line Drive, 9S, EV 101.2 MPH)
Batting: LHB Devon Cundiff 0-0: Ball
1-0: Fly out, F7 (Flyball, 7LSF, EV 98.8 MPH)
Top of the 3rd over - 0 runs, 0 hits, 0 errors, 0 left on base; Phoenix 0 - Syracuse 0
BOTTOM OF THE 3RD
Syracuse Snappers batting - Pitching for Phoenix Roadrunners : RHP Ismael McFarland
Batting: RHB Cody Zimmerman 0-0: Ground out 6-3 (Groundball, 6, EV 90.0 MPH)
Batting: RHB Colton Sheridan 0-0: Called Strike
0-1: Foul Ball, location: 2F
0-2: Ground out 6-3 (Groundball, 6, EV 85.6 MPH)
Batting: RHB Ben Piche 0-0: Ball
1-0: Ball
2-0: Called Strike
2-1: Foul Ball, location: 2F
2-2: Ball
3-2: Strikes out looking
Bottom of the 3rd over - 0 runs, 0 hits, 0 errors, 0 left on base; Phoenix 0 - Syracuse 0
TOP OF THE 4TH
Phoenix Roadrunners batting - Pitching for Syracuse Snappers : RHP Ephram Arnold
Batting: LHB Dwight Bell 0-0: SINGLE (Line Drive, 9LS, EV 87.5 MPH)
Batting: LHB Rayshaun Stuart 0-0: Ball
1-0: Called Strike
1-1: Foul Ball, location: 2F
1-2: Ground out 4-3 (Groundball, 13, EV 83.8 MPH)
Dwight Bell to second
Batting: LHB Neil Wanat 0-0: Called Strike
0-1: Ball
1-1: Foul Ball, location: 2F
1-2: Strikes out looking
Batting: RHB Cody Barkley 0-0: Swinging Strike
0-1: Ball
1-1: Ball
2-1: Swinging Strike
2-2: Strikes out swinging
Top of the 4th over - 0 runs, 1 hit, 0 errors, 1 left on base; Phoenix 0 - Syracuse 0
BOTTOM OF THE 4TH
Syracuse Snappers batting - Pitching for Phoenix Roadrunners : RHP Ismael McFarland
Batting: RHB Charlie Jones 0-0: Foul Ball, location: 2F
0-1: Fly out, F7 (Flyball, 78M, EV 96.2 MPH)
Batting: RHB Asher Kappler 0-0: Ball
1-0: TRIPLE (Line Drive, 89XD, EV 108.8 MPH)
Batting: RHB Walter Worsham 0-0: Ball
1-0: Foul Ball, location: 2F
1-1: Called Strike
1-2: Ball
2-2: Foul Ball, location: 2F
2-2: Foul Ball, location: 2F
2-2: Foul Ball, location: 2F
2-2: Ground out U3 (Groundball, 34, EV 105.0 MPH)
Batting: SHB J.D. Diltz 0-0: Ball
1-0: Ground out 6-3 (Groundball, P, EV 86.9 MPH)
Bottom of the 4th over - 0 runs, 1 hit, 0 errors, 1 left on base; Phoenix 0 - Syracuse 0
TOP OF THE 5TH
Phoenix Roadrunners batting - Pitching for Syracuse Snappers : RHP Ephram Arnold
Batting: LHB Tavin Kang 0-0: Ball
1-0: Swinging Strike
1-1: Ball
2-1: Foul Ball, location: 2F
2-2: Foul Ball, location: 2F
2-2: Ball
3-2: Strikes out looking
Batting: RHB Tyrek Schaaf 0-0: Called Strike
0-1: Ball
1-1: Fly out, F8 (Flyball, 8LM, EV 92.5 MPH)
Batting: RHB Cole Segal 0-0: Called Strike
0-1: Ball
1-1: Ball
2-1: Fly out, F7 (Flyball, 7S, EV 90.0 MPH)
Top of the 5th over - 0 runs, 0 hits, 0 errors, 0 left on base; Phoenix 0 - Syracuse 0
BOTTOM OF THE 5TH
Syracuse Snappers batting - Pitching for Phoenix Roadrunners : RHP Ismael McFarland
Batting: RHB Damian Goranson 0-0: Ball
1-0: Called Strike
1-1: Called Strike
1-2: Ball
2-2: Ball
3-2: Foul Ball, location: 2F
3-2: Ground out 6-3 (Groundball, 6D, EV 108.1 MPH)
Batting: RHB Duane Evans 0-0: Called Strike
0-1: Called Strike
0-2: Ball
1-2: Strikes out swinging
Batting: RHB Cody Zimmerman 0-0: DOUBLE (Line Drive, 89D, EV 102.5 MPH)
Batting: RHB Colton Sheridan 0-0: Called Strike
0-1: Ball
1-1: Ball
2-1: Ground out 6-3 (Groundball, 6, EV 103.8 MPH)
Bottom of the 5th over - 0 runs, 1 hit, 0 errors, 1 left on base; Phoenix 0 - Syracuse 0
TOP OF THE 6TH
Phoenix Roadrunners batting - Pitching for Syracuse Snappers : RHP Ephram Arnold
Batting: RHB Harrison Jordan 0-0: Called Strike
0-1: Foul Ball, location: 2F
0-2: Foul Ball, location: 2F
0-2: Fly out, F9 (Line Drive, 9S, EV 103.1 MPH)
Batting: LHB Devon Cundiff 0-0: Ball
1-0: Called Strike
1-1: Called Strike
1-2: Ball
2-2: Foul Ball, location: 2F
2-2: SINGLE (Groundball, 4MD, EV 102.5 MPH)
Batting: LHB Dwight Bell 0-0: Ball
1-0: Called Strike
Devon Cundiff steals 2nd base
1-1: Ball
2-1: Called Strike
2-2: Strikes out looking
Batting: LHB Rayshaun Stuart 0-0: Foul Ball, location: 2F
0-1: Foul Ball, location: 2F
0-2: Ball
1-2: Fly out, F9 (Flyball, 89S, EV 86.2 MPH)
Top of the 6th over - 0 runs, 1 hit, 0 errors, 1 left on base; Phoenix 0 - Syracuse 0
BOTTOM OF THE 6TH
Syracuse Snappers batting - Pitching for Phoenix Roadrunners : RHP Ismael McFarland
Batting: RHB Ben Piche 0-0: Ground out 1-3 (Groundball, 13, EV 70.6 MPH)
Batting: RHB Charlie Jones 0-0: Ball
1-0: Foul Ball, location: 2F
1-1: Fly out, F9 (Flyball, 89M, EV 90.6 MPH)
Batting: RHB Asher Kappler 0-0: Called Strike
0-1: Foul Ball, location: 2F
0-2: Strikes out swinging
Bottom of the 6th over - 0 runs, 0 hits, 0 errors, 0 left on base; Phoenix 0 - Syracuse 0
TOP OF THE 7TH
Phoenix Roadrunners batting - Pitching for Syracuse Snappers : RHP Ephram Arnold
Batting: LHB Neil Wanat 0-0: Foul Ball, location: 2F
0-1: Ball
1-1: Ball
2-1: Called Strike
2-2: Ball
3-2: Foul Ball, location: 2F
3-2: Fly out, F8 (Flyball, 8LD, EV 100.0 MPH)
Batting: RHB Cody Barkley 0-0: Called Strike
0-1: Ball
1-1: Called Strike
1-2: Strikes out swinging
Batting: LHB Tavin Kang 0-0: Foul Ball, location: 2F
0-1: Called Strike
0-2: Foul Ball, location: 2F
0-2: Ground out 4-3 (Groundball, 4M, EV 87.5 MPH)
Top of the 7th over - 0 runs, 0 hits, 0 errors, 0 left on base; Phoenix 0 - Syracuse 0
BOTTOM OF THE 7TH
Syracuse Snappers batting - Pitching for Phoenix Roadrunners : RHP Ismael McFarland
Batting: RHB Walter Worsham 0-0: Ball
1-0: Ground out 3-1 (Groundball, 34S, EV 81.9 MPH)
Batting: SHB J.D. Diltz 0-0: Called Strike
0-1: Swinging Strike
0-2: Ball
1-2: Strikes out looking
Batting: RHB Damian Goranson 0-0: Called Strike
0-1: Foul Ball, location: 2F
0-2: Ball
1-2: Ball
2-2: Foul Ball, location: 2F
2-2: SINGLE (Groundball, 4MD, EV 108.8 MPH)
Pitching: LHP Bradley Gainer
Batting: RHB Duane Evans 0-0: Fielders Choice at 2nd, U4 (Groundball, 4M, EV 104.4 MPH)
Bottom of the 7th over - 0 runs, 1 hit, 0 errors, 1 left on base; Phoenix 0 - Syracuse 0
TOP OF THE 8TH
Phoenix Roadrunners batting - Pitching for Syracuse Snappers : RHP Ephram Arnold
Pitching: RHP Dallas Jordan
Batting: RHB Tyrek Schaaf 0-0: Ground out 6-3 (Groundball, 56, EV 93.1 MPH)
Batting: RHB Cole Segal 0-0: Ball
1-0: Called Strike
1-1: Foul Ball, location: 2F
1-2: Strikes out looking
Batting: RHB Harrison Jordan 0-0: Foul Ball, location: 2F
0-1: Foul Ball, location: 2F
0-2: Ball
1-2: Foul Ball, location: 2F
1-2: Fly out, F7 (Flyball, 78S, EV 83.1 MPH)
Top of the 8th over - 0 runs, 0 hits, 0 errors, 0 left on base; Phoenix 0 - Syracuse 0
BOTTOM OF THE 8TH
Syracuse Snappers batting - Pitching for Phoenix Roadrunners : LHP Bradley Gainer
Batting: RHB Cody Zimmerman 0-0: Foul Ball, location: 2F
0-1: Foul Ball, location: 2F
0-2: Strikes out looking
Batting: RHB Colton Sheridan 0-0: Ground out 5-3 (Groundball, 5D, EV 105.6 MPH)
Batting: RHB Ben Piche 0-0: Ball
1-0: Ball
2-0: Foul Ball, location: 2F
2-1: Ground out 6-3 (Groundball, 6, EV 100.6 MPH)
Bottom of the 8th over - 0 runs, 0 hits, 0 errors, 0 left on base; Phoenix 0 - Syracuse 0
TOP OF THE 9TH
Phoenix Roadrunners batting - Pitching for Syracuse Snappers : RHP Dallas Jordan
Batting: LHB Devon Cundiff 0-0: Ball
1-0: Called Strike
1-1: Called Strike
1-2: Ball
2-2: Strikes out looking
Batting: LHB Dwight Bell 0-0: Ball
1-0: Swinging Strike
1-1: Foul Ball, location: 2F
1-2: Foul Ball, location: 2F
1-2: Strikes out looking
Batting: LHB Rayshaun Stuart 0-0: Ball
1-0: SINGLE (Line Drive, 9LS, EV 100.6 MPH)
Batting: LHB Neil Wanat 0-0: Called Strike
0-1: Called Strike
0-2: Strikes out looking
Top of the 9th over - 0 runs, 1 hit, 0 errors, 1 left on base; Phoenix 0 - Syracuse 0
BOTTOM OF THE 9TH
Syracuse Snappers batting - Pitching for Phoenix Roadrunners : LHP Bradley Gainer
Batting: RHB Charlie Jones 0-0: Ball
1-0: Ball
2-0: Foul Ball, location: 2F
2-1: SINGLE (Groundball, 56, EV 96.2 MPH)
Batting: RHB Asher Kappler 0-0: Ball
Charlie Jones steals 2nd base
1-0: Intentional Walk
Batting: RHB Walter Worsham 0-0: Called Strike
0-1: Foul Ball, location: 2F
0-2: Foul Ball, location: 2F
0-2: Ball
1-2: Ball
2-2: Ground out 5-3 (Groundball, 5S, EV 75.6 MPH)
Charlie Jones to third
Asher Kappler to second
Pitching: LHP Logan Schneider
Batting: SHB J.D. Diltz 0-0: Foul Ball, location: 2F
0-1: Fly out, F8 (Flyball, 8RS, EV 93.1 MPH)
Batting: RHB Damian Goranson 0-0: Ground out 6-3 (Groundball, 6D, EV 87.5 MPH)
Bottom of the 9th over - 0 runs, 1 hit, 0 errors, 2 left on base; Phoenix 0 - Syracuse 0
TOP OF THE 10TH
Phoenix Roadrunners batting - Pitching for Syracuse Snappers : RHP Dallas Jordan
Pitching: RHP Trevon Pearson
Batting: RHB Cody Barkley 0-0: Ball
1-0: Called Strike
1-1: Foul Ball, location: 2F
1-2: Strikes out looking
Batting: LHB Tavin Kang 0-0: Called Strike
0-1: Called Strike
0-2: Foul Ball, location: 2F
0-2: Strikes out swinging
Pinch Hitting: LHB Will Harper 0-0: Ball
1-0: Called Strike
1-1: Ball
2-1: Foul Ball, location: 2F
2-2: Strikes out swinging
Top of the 10th over - 0 runs, 0 hits, 0 errors, 0 left on base; Phoenix 0 - Syracuse 0
BOTTOM OF THE 10TH
Syracuse Snappers batting - Pitching for Phoenix Roadrunners : LHP Logan Schneider
Pitching: LHP Gerold Lentz
Now at 2B: Dalton Banks
Now at 3B: Cody Barkley
Batting: RHB Duane Evans 0-0: Called Strike
0-1: Swinging Strike
0-2: Foul Ball, location: 2F
0-2: Fly out, F9 (Flyball, 9, EV 93.1 MPH)
Batting: RHB Cody Zimmerman 0-0: Foul Ball, location: 2F
0-1: Called Strike
0-2: Ground out 6-3 (Groundball, 56, EV 104.4 MPH)
Batting: RHB Colton Sheridan 0-0: Ball
1-0: Ball
2-0: Ground out 5-3 (Groundball, 5, EV 108.1 MPH)
Bottom of the 10th over - 0 runs, 0 hits, 0 errors, 0 left on base; Phoenix 0 - Syracuse 0
TOP OF THE 11TH
Phoenix Roadrunners batting - Pitching for Syracuse Snappers : RHP Trevon Pearson
Batting: RHB Cole Segal 0-0: Fly out, F8 (Flyball, 8LD, EV 98.1 MPH)
Batting: RHB Harrison Jordan 0-0: Ball
1-0: Ball
2-0: Ball
3-0: Called Strike
3-1: Base on Balls
Batting: LHB Devon Cundiff 0-0: Called Strike
0-1: Foul Ball, location: 2F
0-2: Strikes out swinging
Batting: LHB Dwight Bell 0-0: Swinging Strike
0-1: Ball
1-1: Swinging Strike
1-2: Strikes out looking
Top of the 11th over - 0 runs, 0 hits, 0 errors, 1 left on base; Phoenix 0 - Syracuse 0
BOTTOM OF THE 11TH
Syracuse Snappers batting - Pitching for Phoenix Roadrunners : LHP Gerold Lentz
Batting: RHB Ben Piche 0-0: Ground out 6-3 (Groundball, 6, EV 108.1 MPH)
Batting: RHB Charlie Jones 0-0: Called Strike
0-1: Foul Ball, location: 2F
0-2: Ball
1-2: Foul Ball, location: 2F
1-2: Ball
2-2: Foul Ball, location: 2F
2-2: Foul Ball, location: 2F
2-2: Fly out, F7 (Flyball, 7S, EV 86.9 MPH)
Batting: RHB Asher Kappler 0-0: Foul Ball, location: 2F
0-1: Called Strike
0-2: Strikes out looking
Bottom of the 11th over - 0 runs, 0 hits, 0 errors, 0 left on base; Phoenix 0 - Syracuse 0
TOP OF THE 12TH
Phoenix Roadrunners batting - Pitching for Syracuse Snappers : RHP Trevon Pearson
Batting: LHB Rayshaun Stuart 0-0: Called Strike
0-1: Ball
1-1: Ball
2-1: Ball
3-1: Fly out, F8 (Line Drive, 8LD, EV 94.4 MPH)
Batting: LHB Neil Wanat 0-0: Called Strike
0-1: Ball
1-1: Called Strike
1-2: Foul Ball, location: 2F
1-2: Ball
2-2: Fly out, F7 (Flyball, 7LMF, EV 94.4 MPH)
Batting: RHB Cody Barkley 0-0: Fly out, F7 (Flyball, 7, EV 94.4 MPH)
Top of the 12th over - 0 runs, 0 hits, 0 errors, 0 left on base; Phoenix 0 - Syracuse 0
BOTTOM OF THE 12TH
Syracuse Snappers batting - Pitching for Phoenix Roadrunners : LHP Gerold Lentz
Batting: RHB Walter Worsham 0-0: Swinging Strike
0-1: Ball
1-1: Foul Ball, location: 2F
1-2: Ball
2-2: Foul Ball, location: 2F
2-2: Ball
3-2: Foul Ball, location: 2F
3-2: Strikes out looking
Batting: SHB J.D. Diltz 0-0: Ball
1-0: Called Strike
1-1: Called Strike
1-2: Foul Ball, location: 2F
1-2: Ball
2-2: Strikes out looking
Batting: RHB Damian Goranson 0-0: Called Strike
0-1: Fly out, F8 (Flyball, 8LXD, EV 93.1 MPH)
Bottom of the 12th over - 0 runs, 0 hits, 0 errors, 0 left on base; Phoenix 0 - Syracuse 0
TOP OF THE 13TH
Phoenix Roadrunners batting - Pitching for Syracuse Snappers : RHP Trevon Pearson
Pitching: LHP Karcher Amezcua
Pinch Hitting: RHB Tommy Simpson 0-0: Ball
1-0: Called Strike
1-1: Ball
2-1: Foul Ball, location: 2F
2-2: Foul Ball, location: 2F
2-2: Ball
3-2: Base on Balls
Batting: RHB Dalton Banks 0-0: Bunted foul
0-1: Ball
1-1: Ball
2-1: Bunted foul
2-2: Ball
3-2: Foul Ball, location: 2F
3-2: Strikes out swinging
Batting: RHB Cole Segal 0-0: Ball
1-0: Fly out, F9 (Line Drive, 9, EV 106.9 MPH)
Batting: RHB Harrison Jordan 0-0: Called Strike
0-1: Foul Ball, location: 2F
0-2: Strikes out swinging
Top of the 13th over - 0 runs, 0 hits, 0 errors, 1 left on base; Phoenix 0 - Syracuse 0
BOTTOM OF THE 13TH
Syracuse Snappers batting - Pitching for Phoenix Roadrunners : LHP Gerold Lentz
Now in LF: Tommy Simpson
Batting: RHB Duane Evans 0-0: Called Strike
0-1: Swinging Strike
0-2: Strikes out swinging
Batting: RHB Cody Zimmerman 0-0: Ball
1-0: Ball
2-0: Ball
3-0: Called Strike
3-1: Base on Balls
Batting: RHB Colton Sheridan 0-0: Swinging Strike
0-1: Called Strike
0-2: Strikes out looking
Batting: RHB Ben Piche 0-0: Called Strike
0-1: SINGLE (Line Drive, 3D, EV 98.8 MPH)
Cody Zimmerman to second
Runner from 2nd tries for 3rd, SAFE, throw by RF made to third
Batting: RHB Charlie Jones 0-0: Ball
1-0: Called Strike
1-1: Ball
2-1: Ball
3-1: Foul Ball, location: 2F
3-2: Base on Balls
Ben Piche to second
Pitching: RHP James Forbes
Batting: RHB Asher Kappler 0-0: Ball
1-0: Called Strike
1-1: Ball
2-1: Ball
3-1: Foul Ball, location: 2F
3-2: Strikes out swinging
Bottom of the 13th over - 0 runs, 1 hit, 0 errors, 3 left on base; Phoenix 0 - Syracuse 0
TOP OF THE 14TH
Phoenix Roadrunners batting - Pitching for Syracuse Snappers : LHP Karcher Amezcua
Batting: LHB Devon Cundiff 0-0: Ball
1-0: Called Strike
1-1: Fly out, F8 (Line Drive, 8LD, EV 85.0 MPH)
Batting: LHB Dwight Bell 0-0: Ball
1-0: Swinging Strike
1-1: Swinging Strike
1-2: Fly out, F8 (Line Drive, 8LM, EV 88.1 MPH)
Batting: LHB Rayshaun Stuart 0-0: Ball
1-0: Foul Ball, location: 2F
1-1: Called Strike
1-2: Foul Ball, location: 2F
1-2: Ground out 4-3 (Groundball, 4, EV 81.2 MPH)
Top of the 14th over - 0 runs, 0 hits, 0 errors, 0 left on base; Phoenix 0 - Syracuse 0
BOTTOM OF THE 14TH
Syracuse Snappers batting - Pitching for Phoenix Roadrunners : RHP James Forbes
Pinch Hitting: LHB Sayon Castillo 0-0: Foul Ball, location: 2F
0-1: Swinging Strike
0-2: Ball
1-2: Ball
2-2: Fly out, F7 (Flyball, 7, EV 86.2 MPH)
Batting: SHB J.D. Diltz 0-0: SINGLE (Line Drive, 9LS, EV 95.6 MPH)
Batting: RHB Damian Goranson 0-0: Ball
1-0: Swinging Strike
1-1: Fly out, F6 (Line Drive, 6, EV 70.6 MPH)
Batting: RHB Duane Evans 0-0: SINGLE (Flyball, 89S, EV 95.6 MPH)
J.D. Diltz to second
Runner from 2nd tries for 3rd, SAFE, throw by RF made to third
Batting: RHB Cody Zimmerman 0-0: Ball
1-0: Swinging Strike
1-1: Ball
2-1: Ball
3-1: Called Strike
3-2: Strikes out swinging
Bottom of the 14th over - 0 runs, 2 hits, 0 errors, 2 left on base; Phoenix 0 - Syracuse 0
TOP OF THE 15TH
Phoenix Roadrunners batting - Pitching for Syracuse Snappers : LHP Karcher Amezcua
Now in LF: J.D. Diltz
Now in RF: Benny Ackley
Batting: LHB Neil Wanat 0-0: Ball
1-0: Ground out U3 (Groundball, 34, EV 107.5 MPH)
Batting: RHB Cody Barkley 0-0: Ball
1-0: Ball
2-0: Called Strike
2-1: Swinging Strike
2-2: Ground out 4-3 (Groundball, 4, EV 83.1 MPH)
Pitching: RHP Cole Socia
Batting: RHB Tommy Simpson 0-0: Foul Ball, location: 2F
0-1: Ground out 5-3 (Groundball, 56S, EV 81.9 MPH)
Top of the 15th over - 0 runs, 0 hits, 0 errors, 0 left on base; Phoenix 0 - Syracuse 0
BOTTOM OF THE 15TH
Syracuse Snappers batting - Pitching for Phoenix Roadrunners : RHP James Forbes
Pinch Hitting: RHB Cody Kats 0-0: Foul Ball, location: 2F
0-1: Foul Ball, location: 2F
0-2: Strikes out looking
Batting: RHB Ben Piche 0-0: Swinging Strike
0-1: Fly out, F8 (Flyball, 8LD, EV 101.9 MPH)
Batting: RHB Charlie Jones 0-0: Ball
1-0: Called Strike
1-1: DOUBLE (Line Drive, 3D, EV 104.4 MPH)
Batting: RHB Asher Kappler 0-0: Intentional Walk
Batting: RHB Benny Ackley 0-0: Called Strike
0-1: Ball
1-1: Ball
2-1: Swinging Strike
2-2: Ball
3-2: Strikes out swinging
Bottom of the 15th over - 0 runs, 1 hit, 0 errors, 2 left on base; Phoenix 0 - Syracuse 0
TOP OF THE 16TH
Phoenix Roadrunners batting - Pitching for Syracuse Snappers : RHP Cole Socia
Now at C: Lukas Byrd
Batting: RHB Dalton Banks 0-0: Ball
1-0: SINGLE (Groundball, 13S, EV 70.6 MPH) (infield hit)
Batting: RHB Cole Segal 0-0: Called Strike
0-1: Called Strike
0-2: Strikes out looking
Batting: RHB Harrison Jordan 0-0: Called Strike
0-1: Fly out, F8 (Flyball, 8RM, EV 88.1 MPH)
Batting: LHB Devon Cundiff 0-0: Ball
Dalton Banks steals 2nd base
1-0: Foul Ball, location: 2F
1-1: Ball
2-1: Ground out 4-3 (Groundball, 4, EV 102.5 MPH)
Top of the 16th over - 0 runs, 1 hit, 0 errors, 1 left on base; Phoenix 0 - Syracuse 0
BOTTOM OF THE 16TH
Syracuse Snappers batting - Pitching for Phoenix Roadrunners : RHP James Forbes
Batting: SHB J.D. Diltz 0-0: Ball
1-0: Foul Ball, location: 2F
1-1: Ball
2-1: Swinging Strike
2-2: Foul Ball, location: 2F
2-2: Ball
3-2: Foul Ball, location: 2F
3-2: Ground out 3-1 (Groundball, 34, EV 105.0 MPH)
Pitching: RHP Cade de Jong
Batting: RHB Damian Goranson 0-0: Foul Ball, location: 2F
0-1: Foul Ball, location: 2F
0-2: Strikes out looking
Batting: RHB Duane Evans 0-0: Ball
1-0: Ball
2-0: Called Strike
2-1: DOUBLE (Line Drive, 5D, EV 97.5 MPH)
Batting: RHB Cody Zimmerman 0-0: Intentional Walk
Batting: RHB Lukas Byrd 0-0: Foul Ball, location: 2F
0-1: Foul Ball, location: 2F
0-2: Strikes out swinging
Bottom of the 16th over - 0 runs, 1 hit, 0 errors, 2 left on base; Phoenix 0 - Syracuse 0
TOP OF THE 17TH
Phoenix Roadrunners batting - Pitching for Syracuse Snappers : RHP Cole Socia
Batting: LHB Dwight Bell 0-0: Called Strike
0-1: Ball
1-1: Foul Ball, location: 2F
1-2: Ball
2-2: Strikes out swinging
Batting: LHB Rayshaun Stuart 0-0: Ball
1-0: Ball
2-0: Ball
3-0: Base on Balls
Batting: LHB Neil Wanat 0-0: DOUBLE (Flyball, 8LXD, EV 91.2 MPH)
Rayshaun Stuart to third
Runner from 3rd tries for Home, throw by CF and OUT! 8-6-2
Batting: RHB Cody Barkley 0-0: Intentional Walk
Batting: RHB Tommy Simpson 0-0: Ball
1-0: Ball
2-0: Foul Ball, location: 2F
2-1: Ball
3-1: Foul Ball, location: 2F
3-2: Strikes out swinging
Top of the 17th over - 0 runs, 1 hit, 0 errors, 2 left on base; Phoenix 0 - Syracuse 0
BOTTOM OF THE 17TH
Syracuse Snappers batting - Pitching for Phoenix Roadrunners : RHP Cade de Jong
Batting: RHB Ben Piche 0-0: DOUBLE (Flyball, 89XD, EV 108.8 MPH)
Batting: RHB Charlie Jones 0-0: Foul Ball, location: 2F
0-1: Foul Ball, location: 2F
0-2: Strikes out swinging
Batting: RHB Asher Kappler 0-0: Intentional Walk
Batting: RHB Benny Ackley 0-0: Fielders Choice at 2nd, 3-6 (Groundball, 23, EV 84.4 MPH)
Ben Piche to third
Batting: SHB J.D. Diltz 0-0: Ball
1-0: Called Strike
1-1: Ball
2-1: Ball
3-1: Swinging Strike
3-2: Base on Balls
Benny Ackley to second
Batting: RHB Damian Goranson 0-0: Swinging Strike
0-1: Foul Ball, location: 2F
0-2: Ball
1-2: Ball
2-2: Strikes out swinging
Bottom of the 17th over - 0 runs, 1 hit, 0 errors, 3 left on base; Phoenix 0 - Syracuse 0
TOP OF THE 18TH
Phoenix Roadrunners batting - Pitching for Syracuse Snappers : RHP Cole Socia
Batting: RHB Dalton Banks 0-0: Ball
1-0: Foul Ball, location: 2F
1-1: Swinging Strike
1-2: Strikes out swinging
Batting: RHB Cole Segal 0-0: Ball
1-0: Foul Ball, location: 2F
1-1: Foul Ball, location: 2F
1-2: Foul Ball, location: 2F
1-2: Foul Ball, location: 2F
1-2: Strikes out swinging
Batting: RHB Harrison Jordan 0-0: Foul Ball, location: 2F
0-1: SINGLE (Groundball, 6MD, EV 97.5 MPH)
Batting: LHB Devon Cundiff 0-0: Called Strike
0-1: Ball
1-1: Ball
2-1: Called Strike
2-2: TRIPLE (Flyball, 78XD, EV 105.0 MPH)
Harrison Jordan scores
Pitching: RHP Mitch Wininger
Batting: LHB Dwight Bell 0-0: Ball
1-0: Called Strike
1-1: Swinging Strike
1-2: Strikes out swinging
Top of the 18th over - 1 run, 2 hits, 0 errors, 1 left on base; Phoenix 1 - Syracuse 0
BOTTOM OF THE 18TH
Syracuse Snappers batting - Pitching for Phoenix Roadrunners : RHP Cade de Jong
Batting: RHB Duane Evans 0-0: Ball
1-0: SINGLE (Line Drive, 5D, EV 96.2 MPH)
Batting: RHB Cody Zimmerman 0-0: Ball
1-0: Foul Ball, location: 2F
1-1: Ball
2-1: Foul Ball, location: 2F
2-2: Grounds into double play, 1-6-3 (Groundball, 13, EV 68.8 MPH)
Batting: RHB Lukas Byrd 0-0: Ground out 6-3 (Groundball, 6, EV 88.8 MPH)
Bottom of the 18th over - 0 runs, 1 hit, 0 errors, 0 left on base; Phoenix 1 - Syracuse 0
Thursday, March 21st , 2024 - OOTP Baseball 23.10 Build 110